 Dungeon Crawl Stone Soup version 0.30-a0-1016-gfb0d676c02 (webtiles) character file.

Game seed: 16901623244829701868

3117 elagabalus the Basher (level 9, 0/51 HPs)
             Began as a Gargoyle Fighter on Apr 6, 2023.
             Was a Believer of Trog.
             Slain by Maggie
             ... wielding a +0 morningstar of flaming
              (3 damage)
             ... on level 6 of the Dungeon.
             The game lasted 00:35:13 (4385 turns).

elagabalus the Basher (Gargoyle Fighter)            Turns: 4385, Time: 00:35:14

Health: 0/51       AC: 16    Str: 24    XL:     9   Next: 91%
Magic:  9/9        EV:  8    Int:  9    God:    Trog [**....]
Gold:   301        SH:  5    Dex:  9    Spells: 8/8 levels left

rFire   . . .      SeeInvis .    d - +5 flail
rCold   . . .      Faith    .    c - +1 buckler
rNeg    + . .      Spirit   .    o - +0 chain mail
rPois   ∞          Reflect  .    (no helmet)
rElec   +          Rampage  .    (no cloak)
rCorr   .                        a - +0 pair of gloves
Will    .....                    (no boots) Stlth
                                 h - amulet of regeneration
HPRegen 1.08/turn                (no ring)
MPRegen 0.11/turn                (no ring)

@: on berserk cooldown, slowed, studying Axes, very slow
A: sickness immunity, AC +6, negative energy resistance 1, electricity
resistance, torment resistance 1, petrification resistance
a: Renounce Religion, Berserk, Trog's Hand


You were on level 6 of the Dungeon.
You worshipped Trog.
Trog was pleased with you.
You visited 1 branch of the dungeon, and saw 7 of its levels.

You collected 301 gold pieces.

Inventory:

Hand Weapons
 d - a +5 flail (weapon)
 n - a +2 mace of protection
Missiles
 b - 3 atropa-tipped darts
 k - 8 poisoned darts (quivered)
 l - 2 throwing nets
Armour
 a - a +0 pair of gloves (worn)
 c - a +1 buckler (worn)
 o - a +0 chain mail (worn)
Jewellery
 h - an amulet of regeneration (around neck)
 v - a ring of resist corrosion
 B - an amulet of faith
Wands
 t - a wand of charming (14)
 u - a wand of flame (12)
 y - a wand of mindburst (14)
Scrolls
 e - 2 scrolls of immolation
 j - 2 scrolls of enchant armour
 q - a scroll of vulnerability
 x - a scroll of blinking {unknown}
Potions
 f - a potion of haste
 g - a potion of heal wounds
 i - a potion of ambrosia
 m - a potion of flight
 p - 2 potions of brilliance {unknown}
 z - 2 potions of cancellation {unknown}


   Skills:
 - Level 3.2 Fighting
 * Level 13.5 Maces & Flails
 - Level 3.2 Armour
 - Level 3.2 Shields


You had 8 spell levels left.
You didn't know any spells.
Your spell library contained the following spells:

 Spells                   Type           Power      Damage    Failure   Level
 Apportation              Tloc           0%         N/A       97%         1
 Necrotise                Necr           0%         1d4       97%         1
 Summon Small Mammal      Summ           0%         N/A       97%         1
 Ozocubu's Armour         Ice            0%         N/A       100%        3
 Summon Ice Beast         Ice/Summ       0%         N/A       100%        4
 Summon Mana Viper        Hex/Summ       0%         N/A       100%        5
 Monstrous Menagerie      Summ           0%         N/A       100%        7
 Ozocubu's Refrigeration  Ice            0%         4d7       100%        7


Dungeon Overview and Level Annotations

Branches:
Dungeon (7/15)
 Temple: D:4-7

Altars:
Fedhas
Trog

Shops:
D:4 **   D:5 =!(

Annotations:
D:6 Edmund, Maggie


Innate Abilities, Weirdness & Mutations

You are immune to sickness and miasma.
Your stone body is resilient. (AC +6)
You are immune to poison.
You resist negative energy. (rN+)
You are resistant to electric shocks. (rElec)
You are resistant to unholy torment.
You are immune to petrification.


Message History

You block Maggie's attack.
Edmund hits you with a +3 flail of protection.
Okay, then.
You are confused.
You feel invigorated. Maggie barely misses you.
Edmund hits you with a +3 flail of protection.
Edmund barely misses you. Maggie barely misses you.
Edmund hits you but does no damage.
You hit Maggie but do no damage.
Maggie is lightly wounded.
Maggie barely misses you.
Edmund hits you with a +3 flail of protection.
Edmund hits you with a +3 flail of protection.
You barely miss Maggie.
Maggie is lightly wounded.
You feel less invigorated.
You feel less confused. Edmund hits you but does no damage.
Maggie closely misses you.
You completely miss Maggie.
Maggie is lightly wounded.
Maggie hits you with a +0 morningstar of flaming.
Maggie burns you. Edmund hits you but does no damage. x2
Maggie gives herself a magical halo, but it quickly sputters out.
Maggie hits you with a +0 morningstar of flaming.
Maggie burns you.
You barely miss Maggie.
Maggie is lightly wounded.
Maggie closely misses you.
Edmund hits you with a +3 flail of protection!
You closely miss Maggie.
Maggie is lightly wounded.
Edmund hits you with a +3 flail of protection!
* * * LOW HITPOINT WARNING * * *
Maggie hits you but does no damage.
You closely miss Maggie.
Maggie is lightly wounded.
Maggie hits you with a +0 morningstar of flaming!
* * * LOW HITPOINT WARNING * * *
Maggie burns you.
You die...

##### ##.~#.8..#....# ###
..... ##.≈.~.#≈#....##....
......#.#.§(..##....''....
......###.#≈####....##....
......####### #####......
.........######## ##.#####
$...............###..## #
........@.............#...
........@@....###..._...#
.........####..####...###
.........# #.....#####
########## #.#....
#?####.. #.. . ###


You could see Maggie and Edmund.

Vanquished Creatures
  Pikel (D:6)
  The ghost of jimonade the Thaumaturge, a novice GnHW of Vehumet (D:6)
  The ghost of jasper the Geomancer, a novice DsEE (D:5)
  Sigmund (D:3)
  The ghost of PimpSugar the Magician, an amateur DsHW (D:4)
  A sky beast (D:7)
  An ice beast (D:7)
  A phantom (D:4)
  A kobold brigand (D:5)
  5 scorpions
  6 wights
  2 bullfrog zombies (D:5)
  A jelly (D:5)
  A bullfrog skeleton (D:5)
  3 orc priests
  3 hounds
  A sleepcap (D:6)
  An iguana (D:4)
  3 gnoll boudas
  An orc wizard (D:4)
  15 gnolls
  8 adders
  A shadow imp (D:5)
  An ufetubus (D:6)
  3 worms
  4 dart slugs
  14 orcs
  11 ball pythons
  3 endoplasms
  A giant cockroach (D:2)
  5 hobgoblins
  4 quokkas
  4 bats
  7 frilled lizards
  8 goblins
  12 kobolds
  6 rats
143 creatures vanquished.

Vanquished Creatures (others)
  6 plants (D:4)
  4 withered plants (D:3)
10 creatures vanquished.

Grand Total: 153 creatures vanquished

Notes
Turn   | Place    | Note
-------+----------+-------------------------------------------
     0 | D:1      | elagabalus the Gargoyle Fighter began the quest for the
                  | Orb.
     0 | D:1      | Reached XP level 1. HP: 14/14 MP: 1/1
   105 | D:1      | Reached XP level 2. HP: 19/19 MP: 2/2
   172 | D:1      | Reached skill level 3 in Maces & Flails
   535 | D:1      | Reached XP level 3. HP: 23/23 MP: 3/3
  1340 | D:2      | Reached skill level 4 in Maces & Flails
  1622 | D:3      | Noticed Sigmund
  1635 | D:4      | Reached XP level 4. HP: 28/28 MP: 4/4
  1659 | D:3      | Killed Sigmund
  1660 | D:3      | Reached skill level 5 in Maces & Flails
  1660 | D:3      | Reached XP level 5. HP: 31/32 MP: 5/5
  1696 | D:3      | Reached skill level 6 in Maces & Flails
  1800 | D:3      | Upgraded the game from 0.30-a0-1008-g30c9307041 to
                  | 0.30-a0-1016-gfb0d676c02
  2091 | D:3      | Found a bloodstained altar of Trog.
  2119 | D:3      | Reached XP level 6. HP: 34/37 MP: 6/6
  2152 | D:3      | Became a worshipper of Trog the Wrathful
  2171 | D:3      | Found a faded altar of an unknown god.
  2692 | D:4      | Reached skill level 7 in Maces & Flails
  2708 | D:4      | Noticed PimpSugar's ghost (amateur DsHW)
  2727 | D:4      | Found a transporter.
  2727 | D:4      | Found a transporter.
  2775 | D:4      | Found Asomie Ikui's General Store.
  2788 | D:4      | Found Nisay's Specific Store.
  2957 | D:5      | Entered Level 5 of the Dungeon
  2957 | D:5      | Found a runed translucent gate.
  2957 | D:5      | Found a runed translucent gate.
  2957 | D:5      | Found a runed translucent gate.
  3006 | D:5      | Noticed jasper's ghost (novice DsEE)
  3030 | D:5      | Found Caneb's Distillery.
  3066 | D:5      | Reached XP level 7. HP: 17/41 MP: 7/7
  3095 | D:5      | Reached * piety under Trog
  3106 | D:5      | Found Baaprext's Jewellery Shop.
  3168 | D:5      | Identified the +2 dagger of Blood {drain, rF+}
  3176 | D:5      | Reached skill level 8 in Maces & Flails
  3320 | D:5      | Reached skill level 9 in Maces & Flails
  3354 | D:5      | Reached XP level 8. HP: 46/46 MP: 8/8
  3464 | D:5      | Found Rinef's Weapon Emporium.
  3567 | D:5      | Killed jasper's ghost
  3568 | D:5      | Reached skill level 10 in Maces & Flails
  3679 | D:4      | Killed PimpSugar's ghost
  3692 | D:4      | Reached ** piety under Trog
  3695 | D:4      | Reached skill level 11 in Maces & Flails
  4021 | D:6      | Noticed Pikel
  4036 | D:6      | Killed Pikel
  4037 | D:6      | Reached XP level 9. HP: 51/51 MP: 9/9
  4056 | D:6      | Reached skill level 12 in Maces & Flails
  4278 | D:6      | Found a large runed translucent door.
  4278 | D:6      | Found a large runed translucent door.
  4289 | D:6      | Reached skill level 13 in Maces & Flails
  4291 | D:6      | Noticed jimonade's ghost (novice GnHW)
  4304 | D:6      | Killed jimonade's ghost
  4343 | D:6      | Found a blossoming altar of Fedhas.
  4358 | D:6      | Noticed Edmund
  4364 | D:6      | Noticed Maggie
  4385 | D:6      | Slain by Maggie

Illustrated notes

Levels and vault maps discovered:
D:1:      erik_arrival_triangle_small, layout_basic, minmay_misc_feat_tower
D:2:      minmay_chambers_of_twos, layout_basic, minmay_cut_off
D:3:      layout_loops_cross, trog_hazing_becter,
          ebering_ecumenical_altar_petrified, minmay_door_square, uniq_sigmund
D:4:      layout_rooms, gammafunk_ghost_gnarly_gnolls, nicolae_specific_store
D:5:      layout_rooms, gammafunk_ghost_necromancy, serial_shops,
          nicolae_shop_hallway_plus, nicolae_stop_n_shop_2, shop
D:6:      layout_basic, mainiacjoe_overflow_catch_the_wave,
          ebering_ghost_disaster_area, uniq_maggie, uniq_pikel, uniq_edmund
D:7:      layout_cave_pools, kennysheep_little_box,
          nicolae_sif_muna_little_library, minmay_temple_entry_hall

Skill      XL: |  1  2  3  4  5  6  7  8  9 |
---------------+----------------------------+-----
Maces & Flails | 3 4 5 6 7 9 11 13 | 13.5
Fighting       | |  3.2
Armour         | |  3.2
Shields        | |  3.2

Action                     |  1- 3 |  4- 6 |  7- 9 || total
---------------------------+-------+-------+-------++-------
  Melee: Flail             |   145 |    68 |   249 ||   462
         Whip              |       |    81 |       ||    81
         Mace              |       |    52 |    24 ||    76
 Invoke: Berserk           |       |       |     8 ||     8
    Use: Scroll            |     7 |     2 |     5 ||    14
         Potion            |       |     1 |     2 ||     3
 Armour: Scale mail        |    88 |    40 |       ||   128
         Chain mail        |       |    45 |   147 ||   192
         Ring mail         |       |    13 |       ||    13
  Dodge: Dodged            |    99 |    61 |    71 ||   231
  Block: Buckler           |    32 |    38 |    74 ||   144

Table legend: (Time is in decaauts)
 A = Elapsed time spent in this place.
 B = Non-inter-level travel time spent in this place.
 C = Inter-level travel time spent in this place.
 D = Time resting spent in this place.
 E = Time spent auto-exploring this place.
 F = Levels seen in this place.
 G = Mean time per level.
                   A        B        C        D        E       F      G
               +--------+--------+--------+--------+--------+-----+--------+
         Total |   4454 |   1646 |   2808 |      0 |      0 |   7 |  636.3 |
       Dungeon |   4454 |   1646 |   2808 |      0 |      0 |   7 |  636.3 |
               +--------+--------+--------+--------+--------+-----+--------+

Top non-repeatable levels by time:
     D:2: 948 daAuts
     D:4: 877 daAuts
     D:5: 787 daAuts
     D:3: 738 daAuts
     D:1: 700 daAuts
     D:6: 377 daAuts
     D:7: 25 daAuts
